 Dungeon Crawl Stone Soup version 0.22-a0-223-g0f5d773 (webtiles) character file.

188 4thArraOfDagon the Skirmisher (level 5, 0/52 HPs)
             Began as an Octopode Arcane Marksman on Feb 18, 2018.
             Was a Follower of Hepliaklqana.
             Slain by a crocodile (13 damage)
             ... in a sewer.
             The game lasted 00:07:21 (2282 turns).

4thArraOfDagon the Skirmisher (OpAM)                Turns: 2282, Time: 00:07:22

Health: 0/52       AC:  1    Str: 14    XL:     5   Next: 67%
Magic:  6/6        EV: 13    Int: 16    God:    Hepliaklqana [*.....]
Gold:   160        SH:  0    Dex: 13    Spells: 5/6 levels left

rFire    . . .     SeeInvis .   q - +0 morningstar
rCold    . . .     Gourm    .   (no shield)
rNeg     . . .     Faith    .   (helmet restricted)
rPois    .         Spirit   .   (no amulet)
rElec    .         Reflect  .   (no ring)
rCorr    .         Harm     .   g - ring of protection from magic
MR       +....                  d - ring of flight
Stlth    ..........             (no ring)
HPRegen  0.17/turn              (no ring)
MPRegen  0.10/turn              (no ring)
                                (no ring)
                                (no ring)

@: berserking, very quick
A: almost no armour, stealthy swim, amphibious, 8 rings, constrict 8, reduced
essence, camouflage 1, gelatinous body 1
a: Recall Ancestor, Ancestor Identity, Renounce Religion, Evoke Flight


You were in a sewer.
You worshipped Hepliaklqana.
Hepliaklqana was aware of your devotion.
You were not hungry.

You visited 1 branch of the dungeon, and saw 4 of its levels.
You also visited: Sewer.

You collected 160 gold pieces.

Inventory:

Hand Weapons
 h - a +0 spear
 k - a +0 mace of holy wrath
 o - a +0 flail
 q - a +0 morningstar (weapon)
Missiles
 b - 3 javelins (quivered)
 c - a throwing net
Jewellery
 d - a ring of flight (on tentacle)
 f - an uncursed ring of fire
 g - a ring of protection from magic (right tentacle)
Scrolls
 e - 2 scrolls of enchant armour
 l - a scroll of teleportation
Potions
 i - 2 potions of haste
 j - a potion of berserk rage
 m - a potion of ambrosia {unknown}
Comestibles
 a - 3 rations
 p - 4 chunks of flesh


   Skills:
 - Level 5.2 Fighting
 - Level 2.0 Throwing
 - Level 2.0 Dodging
 - Level 1.0 Spellcasting
 - Level 3.0 Hexes
 + Level 1.1 Invocations


You had 5 spell levels left.
You knew the following spells:

 Your Spells              Type           Power        Failure   Level  Hunger
a - Corona                Hex            ##.....      7%          1    ##.....


Dungeon Overview and Level Annotations

Branches:
Dungeon (4/15)
 Temple: D:4-7

Altars:
Hepliaklqana
Okawaru
Vehumet


Innate Abilities, Weirdness & Mutations

You cannot wear most types of armour.
You are very stealthy in the water. (Stealth+)
You are amphibious.
You can wear up to eight rings at the same time.
You can use your tentacles to constrict eight enemies at once.
Your skin changes colour to match your surroundings (Stealth+).
Your rubbery body absorbs attacks. (AC +1, EV +1)
Your life essence is reduced to manifest your ancestor. (-10% HP)


Message History

A red film seems to cover your vision as you go berserk!
You feel yourself moving faster!
You feel mighty! The crocodile bites you!
Tertia barely misses the crocodile.
You impale the crocodile!!
The crocodile is severely wounded.
The crocodile bites you!
* * * LOW HITPOINT WARNING * * *
Tertia barely misses the crocodile.
Unknown command.
You barely miss the crocodile.
The crocodile is severely wounded.
The crocodile bites you.
* * * LOW HITPOINT WARNING * * *
Tertia hits the crocodile but does no damage.
Unknown command.
Unknown command.
You barely miss the crocodile.
The crocodile is severely wounded.
The crocodile bites you!
You die...

#.......# #.......#
#.....# #.# #######
#t# ##.....## #.#
##..÷≈...##
#.#######...≈≈≈†..##
#..........≈≈≈≈≈.∩.#
#.#######t@.≈≈†...##
#.# ##R..≈...## #.#
##.....## #.#
####### #.# #.# #.#
#∩# #.#


You could see the friendly Tertia the ancestor and a crocodile.

Vanquished Creatures
  An orc wizard (D:3)
  2 adders (D:2)
  An ooze (D:2)
  An adder skeleton (D:4)
  4 worms
  A dart slug (D:2)
  3 leopard geckos (D:4)
  9 orcs (D:3)
  9 giant cockroaches
  3 goblins
  4 hobgoblins
  4 jackals
  6 kobolds
  6 bats
  3 frilled lizards
  5 rats
62 creatures vanquished.

Vanquished Creatures (collateral kills)
  An orc wizard (D:3)
  2 worms
  An orc (D:3)
  A bat (Sewer)
  A goblin (D:1)
  A hobgoblin (D:1)
  2 jackals
  A kobold (D:2)
10 creatures vanquished.

Grand Total: 72 creatures vanquished

Notes
Turn   | Place    | Note
-------+----------+-------------------------------------------
     0 | D:1      | 4thArraOfDagon the Octopode Arcane Marksman began the quest for the Orb.
     0 | D:1      | Reached XP level 1. HP: 13/13 MP: 2/2
    76 | D:2      | Reached skill level 2 in Fighting
    76 | D:2      | Reached XP level 2. HP: 11/19 MP: 3/3
    97 | D:2      | Found a hazy altar of Hepliaklqana.
    98 | D:2      | Found a radiant altar of Vehumet.
   102 | D:2      | Became a worshipper of Hepliaklqana the Forgotten
   450 | D:1      | Reached XP level 3. HP: 5/22 MP: 4/4
   709 | D:1      | Reached skill level 3 in Fighting
   977 | D:1      | Reached * piety under Hepliaklqana
  1290 | D:2      | Reached XP level 4. HP: 14/29 MP: 5/5
  1734 | D:3      | Reached skill level 4 in Fighting
  1772 | D:3      | Reached XP level 5. HP: 26/34 MP: 6/6
  1780 | D:3      | Reached skill level 5 in Fighting
  1804 | D:3      | Found an iron altar of Okawaru.
  1892 | D:3      | Noticed an orc warrior
  2176 | D:4      | Found a glowing drain.
  2191 | D:4      | Reached skill level 1 in Invocations
  2200 | Sewer    | Entered a sewer
  2261 | Sewer    | Noticed a crocodile
  2282 | Sewer    | Slain by a crocodile

Vault maps used:
D:1:      scummos_arrival_star
D:2:      gammafunk_temple_overflow_statue, first_ration
D:3:      grunt_dithmenos_smoke, okawaru_gym_becter
D:4:      gup_sewer_entry_pipe
Sewer:    sewer_big_baddie

Skill      XL: |  1  2  3  4  5 |
---------------+----------------+-----
Fighting       | 2 3 4 5 |  5.2
Invocations    | 1 |  1.1
Throwing       | |  2.0
Dodging        | |  2.0
Spellcasting   | |  1.0
Hexes          | |  3.0

Action                   |  1- 3 |  4- 6 || total
-------------------------+-------+-------++-------
Melee: Unarmed           |    19 |       ||    19
       Tentacles         |     5 |    10 ||    15
       Constrict         |    11 |    21 ||    32
       Spear             |     6 |       ||     6
       Mace              |    15 |    12 ||    27
       Flail             |       |    21 ||    21
       Morningstar       |       |    30 ||    30
Throw: Javelin           |    32 |     8 ||    40
       Throwing net      |     3 |       ||     3
Invok: Recall Ancestor   |       |     1 ||     1
  Use: Scroll            |     3 |     2 ||     5
       Potion            |       |     1 ||     1
 Stab: Sleeping          |     2 |     7 ||     9
  Eat: Chunk             |     1 |     3 ||     4
Armor: Skin              |     8 |     9 ||    17
Dodge: Dodged            |    37 |    34 ||    71

Table legend:
 A = Spawn XP
 B = Non-spawn XP
 C = Spawn XP percentage of total XP
 D = Spawn monster count
 E = Non-spawn monster count
 F = Spawn count percentage of total count
 G = Total turns spent on level
                    A         B        C        D         E        F      G
               +---------+---------+-------+---------+---------+-------+---------
         Total |       0 |     269 |   0.0 |       0 |      72 |   0.0 |  2282
               +---------+---------+-------+---------+---------+-------+---------
           D:1 |       0 |      30 |   0.0 |       0 |      18 |   0.0 |   809
           D:2 |       0 |      68 |   0.0 |       0 |      17 |   0.0 |   972
           D:3 |       0 |     136 |   0.0 |       0 |      22 |   0.0 |   299
           D:4 |       0 |      28 |   0.0 |       0 |      10 |   0.0 |   120
         Sewer |       0 |       7 |   0.0 |       0 |       5 |   0.0 |    82
               +---------+---------+-------+---------+---------+-------+---------
